 Dungeon Crawl Stone Soup version 0.24.0-13-gcf9b3192b9 (webtiles) character file.

Game seed: 4568467834293835933, levelgen mode: deterministic

54 Aviak the Shield-Bearer (level 3, 24/34 HPs)
             Began as a Deep Dwarf Fighter on Nov 9, 2019.
             Quit the game on level 3 of the Dungeon.
             The game lasted 00:01:02 (1440 turns).

Aviak the Shield-Bearer (Deep Dwarf Fighter)        Turns: 1440, Time: 00:01:03

Health: 24/34      AC:  8    Str: 20    XL:     3   Next: 66%
Magic:  3/3        EV:  7    Int:  8    God:
Gold:   86         SH:  9    Dex: 12    Spells: 2/2 levels left

rFire    . . .     SeeInvis .   a - +0 war axe
rCold    . . .     Gourm    .   c - +0 shield
rNeg     . . .     Faith    .   b - +0 scale mail
rPois    .         Spirit   .   (no helmet)
rElec    .         Reflect  .   r - +0 cloak
rCorr    .         Harm     .   (no gloves)
MR       .....                  (no boots)
Stlth    ..........             (no amulet)
HPRegen  0.00/turn              (no ring)
MPRegen  0.08/turn              (no ring)

@: non-regenerating
A: damage resistance, heal wounds, sense surroundings 1, no regeneration
a: Heal Wounds


You were on level 3 of the Dungeon.
You were hungry.

You visited 1 branch of the dungeon, and saw 3 of its levels.

You collected 86 gold pieces.

Inventory:

Hand Weapons
 a - a +0 war axe (weapon)
Armour
 b - a +0 scale mail (worn)
 c - a +0 shield (worn)
 r - a +0 cloak (worn)
Scrolls
 e - 3 scrolls of remove curse {unknown}
 h - 3 scrolls of teleportation {unknown}
 i - 2 scrolls of amnesia {unknown}
 k - 3 scrolls of identify {unknown}
 m - a scroll of immolation {unknown}
Potions
 d - 3 potions of might
 g - 3 potions of lignification {unknown}
 j - a potion of brilliance {unknown}
 l - a potion of curing {unknown}
 n - 2 potions of degeneration {unknown}
 p - 2 potions of mutation {unknown}
Comestibles
 f - 5 rations
 q - 3 chunks of flesh


   Skills:
 + Level 3.1 Fighting
 + Level 2.8 Axes
 + Level 3.7 Armour
 + Level 1.0 Dodging
 + Level 3.7 Shields


You had 2 spell levels left.
You didn't know any spells.
Your spell library was empty.

Dungeon Overview and Level Annotations

Branches:
Dungeon (3/15)

Altars:
Gozag
Kikubaaqudgha
Qazlal
Sif Muna
Vehumet


Innate Abilities, Weirdness & Mutations

You are resistant to damage.
You can heal yourself by infusing magical energy.
You passively map a small area around you.
You do not regenerate.


Message History

You see here a ball python skeleton.
You see here a cloak.
r - a cloak You start putting on your armour.
You continue putting on your cloak. x4
You finish putting on your +0 cloak.
As you read the scroll labeled KOTTI FA KOYLA, it crumbles to dust.
It is a scroll of enchant armour.
Really abort (and waste the scroll)? [Y]es or [N]o only, please.
Really abort (and waste the scroll)?
Uppercase [Y]es or [N]o only, please.
Really abort (and waste the scroll)? [Y]es or [N]o only, please.
Really abort (and waste the scroll)? [Y]es or [N]o only, please.
Really abort (and waste the scroll)? [Y]es or [N]o only, please.
Really abort (and waste the scroll)?
Okay, then.
Are you sure you want to abandon this character and quit the game? (Confirm with "yes".)

+ ###.# #.# *,,.. , ,
...# #.# ,,... * , #..#
#.###.... ,
#..###.#......
#.###..#......# **
#......#.#รท##.# * *
**#....#.?..# * ,
#########..######## ,
#.....@....#
#.########.# , *
#.########### , *
#...........## , #
######........ #.#####
#........
##...<.#########........
*
#......'...............#
#......####....<.......#


There were no monsters in sight!

Vanquished Creatures
  2 adders (D:2)
  An ooze (D:1)
  A worm (D:2)
  A dart slug (D:2)
  2 leopard geckos (D:2)
  2 goblins (D:1)
  3 hobgoblins
  A kobold (D:1)
  A quokka (D:3)
  A ball python (D:3)
  7 bats
  A frilled lizard (D:2)
  A rat (D:1)
24 creatures vanquished.

Notes
Turn   | Place    | Note
-------+----------+-------------------------------------------
     0 | D:1      | Aviak the Deep Dwarf Fighter began the quest for the Orb.
     0 | D:1      | Reached XP level 1. HP: 20/20 MP: 1/1
   364 | D:1      | Reached XP level 2. HP: 20/27 MP: 2/2
   854 | D:2      | Reached XP level 3. HP: 26/34 MP: 3/3
  1178 | D:2      | Found a shimmering blue altar of Sif Muna.
  1178 | D:2      | Found an ancient bone altar of Kikubaaqudgha.
  1183 | D:2      | Found a radiant altar of Vehumet.
  1185 | D:2      | Found a stormy altar of Qazlal.
  1186 | D:2      | Found an opulent altar of Gozag.
  1420 | D:3      | Reached skill level 1 in Dodging
  1440 | D:3      | Quit the game

Levels and vault maps discovered:
D:1:      mrwooster_arrival_statue_2, layout_basic, st_stairs_9
D:2:      layout_basic, chequers_temple_overflow_minitemple, first_ration,
          grunt_decor_arrowhead
D:3:      layout_basic, lemuel_coloured_pillars_altar

Skill      XL: |  1  2  3 |
---------------+----------+-----
Fighting       | 3 |  3.1
Dodging        | 1 |  1.0
Axes           | |  2.8
Armour         | |  3.7
Shields        | |  3.7

Action                   || total
-------------------------++-------
Melee: War axe           ||   107
 Abil: Heal Wounds       ||     1
  Use: Scroll            ||     1
  Eat: Chunk             ||     1
Armor: Scale mail        ||    42
Dodge: Dodged            ||    39
Block: Shield            ||    79
